 Dungeon Crawl Stone Soup version 0.21.1-1-g345015fe64 (webtiles) character file.

9 Knicklaso the Grave Robber (level 2, 0/22 HPs)
             Began as a Demonspawn Necromancer on Apr 15, 2018.
             Slain by an ooze (3 damage)
             ... on level 1 of the Dungeon.
             The game lasted 00:02:57 (356 turns).

Knicklaso the Grave Robber (Demonspawn Necromancer)  Turns: 356, Time: 00:02:57

Health: 0/22       AC:  2    Str:  8    XL:     2   Next: 3%
Magic:  3/5        EV: 12    Int: 16    God:
Gold:   12         SH:  0    Dex: 13    Spells: 3/5 levels left

rFire    . . .     SeeInvis .   e - +0 dagger
rCold    . . .     Gourm    .   (no shield)
rNeg     . . .     Faith    .   a - +0 robe
rPois    .         Spirit   .   (helmet restricted)
rElec    .         Reflect  .   (no cloak)
rCorr    .         Harm     .   (no gloves)
MR       .....                  (no boots)
Stlth    ++........             (no amulet)
HPRegen  0.07/turn              (no ring)
MPRegen  0.09/turn              (no ring)

@: no status effects
A: antennae 1
a: no special abilities


You were on level 1 of the Dungeon.
You were not hungry.

You visited 1 branch of the dungeon, and saw 1 of its levels.

You collected 12 gold pieces.

Inventory:

Hand Weapons
 e - a +0 dagger (weapon)
Armour
 a - a +0 robe (worn)
Scrolls
 f - 2 scrolls of immolation {unknown}
 g - 2 scrolls of identify {unknown}
Books
 b - a book of Necromancy

   Spells                             Type                      Level
   a - Pain                           Necromancy                   1
   b - Animate Skeleton               Necromancy                   1
   c - Vampiric Draining              Necromancy                   3
   d - Regeneration                   Charms/Necromancy            3
   e - Animate Dead                   Necromancy                   4
   f - Borgnjor's Vile Clutch         Necromancy/Earth             5
Comestibles
 c - 2 rations
 d - a chunk of flesh


   Skills:
 + Level 1.7 Fighting
 - Level 1.7 Dodging
 - Level 1.7 Stealth
 - Level 2.0 Spellcasting
 - Level 4.3 Necromancy


You had 3 spell levels left.
You knew the following spells:

 Your Spells              Type           Power        Failure   Level  Hunger
a - Pain                  Necr           ###.         3%          1    #......
b - Animate Skeleton      Necr           N/A          3%          1    #......


Dungeon Overview and Level Annotations

Branches:
Dungeon (1/15)

Altars:


Innate Abilities, Weirdness & Mutations

You have a pair of small antennae on your head.


Message History

Press: ? - help, Shift-Dir - straight line, f/p - gnoll
Aim: a gnoll, wielding a whip (chance to defeat MR: 80%)
The gnoll writhes in agony!
Casting: Pain
Confirm with . or Enter, or press ? or * to list all spells.
Aiming: Pain
Press: ? - help, Shift-Dir - straight line, f/p - gnoll
Aim: a gnoll, wielding a whip (heavily wounded, chance to defeat MR: 80%)
The gnoll barely resists.
The gnoll barely misses you. The gnoll misses you.
Casting: Pain
Confirm with . or Enter, or press ? or * to list all spells.
Aiming: Pain
Press: ? - help, Shift-Dir - straight line, f/p - gnoll
Aim: a gnoll, wielding a whip (heavily wounded, chance to defeat MR: 80%)
The gnoll barely resists.
The gnoll barely misses you. The ooze hits you.
* * * LOW HITPOINT WARNING * * *
The ooze hits you.
You die...

P.)≈......≈..≈≈..≈######
.PP.≈.≈≈≈.≈≈≈≈≈≈≈≈≈≈≈≈≈≈
P≈≈≈≈≈≈≈≈≈≈≈≈≈≈≈≈≈≈≈≈≈≈
≈≈≈≈≈)≈≈≈≈≈≈≈≈≈≈P≈≈≈≈#
≈≈≈≈≈≈≈≈P≈≈≈≈≈≈.≈≈≈####
≈≈≈≈≈.≈...≈≈..≈≈..≈...####
≈P≈≈..............g......#
..........#####†'###.....#
..#.#.....# #.@J.......#
#...#.....# #(..gg....##
###'#.....# #.......(.#
...)......# #.......(.#
..........# #...(...).#
..........# #...........
.)......### #...(..#####.
...####$# #.......K ...#
#.# #####.....


You could see a gnoll, an ooze and a hobgoblin.

Vanquished Creatures
  A leopard gecko (D:1)
  2 bats (D:1)
  A hobgoblin (D:1)
  A frilled lizard (D:1)
  2 goblins (D:1)
  A kobold (D:1)
8 creatures vanquished.

Notes
Turn   | Place    | Note
-------+----------+-------------------------------------------
     0 | D:1      | Knicklaso the Demonspawn Necromancer began the quest for the Orb.
     0 | D:1      | Reached XP level 1. HP: 13/13 MP: 3/3
    19 | D:1      | Reached skill level 1 in Fighting
   111 | D:1      | Learned a level 1 spell: Animate Skeleton
   250 | D:1      | Gained mutation: You have a pair of small antennae on your head. [demonic ancestry]
   250 | D:1      | Reached XP level 2. HP: 9/22 MP: 5/5
   356 | D:1      | Slain by an ooze

Skill      XL: |  1 |
---------------+----+-----
Fighting       | 1 |  1.7
Dodging        | |  1.7
Stealth        | |  1.7
Spellcasting   | |  2.0
Necromancy     | |  4.3

Action                   || total
-------------------------++-------
Melee: Dagger            ||    15
       Unarmed           ||     5
 Cast: Pain              ||    10
       Animate Skeleton  ||     3
Armor: Robe              ||    26
Dodge: Dodged            ||    45
